 Dungeon Crawl Stone Soup version 0.27-a0-869-g165b36e3f0 (webtiles) character file.

Game seed: 575711154090652030

26756 timneilson the Blocker (level 13, -8/80 HPs)
             Began as a Gargoyle Fighter on Apr 3, 2021.
             Was a High Priest of Okawaru.
             Mangled by a two-headed ogre
             ... wielding a +0 giant club
              (16 damage)
             ... in a volcano.
             The game lasted 00:34:01 (14014 turns).

timneilson the Blocker (Gargoyle Fighter)          Turns: 14014, Time: 00:34:02

Health: -8/80      AC: 31    Str: 30    XL:     13   Next: 28%
Magic:  18/18      EV:  8    Int: 10    God:    Okawaru [*****.]
Gold:   752        SH: 27    Dex:  9    Spells: 12/12 levels left

rFire    + . .     SeeInvis +   D - +0 scimitar
rCold    + . .     Faith    .   x - +0 tower shield
rNeg     + + .     Spirit   .   m - +0 plate armour
rPois    ∞         Reflect  +   J - +1 helmet of the Equinox {rN+}
rElec    +         Harm     .   r - scarf {rC+ rF+}
rCorr    .         Rampage  .   (no gloves)
Will     .....                  A - +0 pair of boots
Stlth    ..........             y - amulet of reflection
HPRegen  0.23/turn              I - ring of see invisible
MPRegen  0.16/turn              d - +6 ring of strength

@: heroic, hasted, very quick
A: AC +9, negative energy resistance 1, electricity resistance, torment
resistance 1, unbreathing 1, petrification resistance
a: Renounce Religion, Heroism, Finesse


You were in a volcano.
You worshipped Okawaru.
Okawaru was extremely pleased with you.
You visited 3 branches of the dungeon, and saw 14 of its levels.
You also visited: Sewer and Volcano.

You collected 752 gold pieces.

Inventory:

Hand Weapons
 a - a +1 long sword
 D - a +0 scimitar (weapon)
Missiles
 i - a throwing net (quivered)
Armour
 m - a +0 plate armour (worn)
 r - a scarf of resistance (worn)
 x - a +0 tower shield (worn)
 A - a +0 pair of boots (worn)
 J - the +1 helmet of the Equinox (worn) {rN+}
   (Okawaru gifted it to you on level 9 of the Dungeon)

   It protects you from negative energy.
Jewellery
 d - a +6 ring of strength (right hand)
 f - a +4 ring of evasion
 h - a ring of fire
 t - a ring of willpower
 v - a ring of flight
 y - an amulet of reflection (around neck)
 I - a ring of see invisible (left hand)
Wands
 o - a wand of paralysis (8)
 w - a wand of random effects (16)
 B - a wand of flame (5)
Scrolls
 c - a scroll of summoning
 e - 9 scrolls of teleportation
 j - 5 scrolls of identify
 p - 2 scrolls of amnesia
 u - 2 scrolls of fog
 C - 2 scrolls of fear
 H - 2 scrolls of enchant armour
Potions
 b - a potion of ambrosia
 g - a potion of cancellation
 l - a potion of haste
 n - 2 potions of resistance
 q - 5 potions of flight
 s - 2 potions of mutation
 z - 5 potions of attraction
 G - 2 potions of brilliance
Miscellaneous
 F - a tin of tremorstones (inert)


   Skills:
 + Level 9.1(14.1) Fighting
 * Level 10.1(15.1) Long Blades
 * Level 12.0(17.0) Armour
 * Level 12.0(17.0) Shields
 + Level 7.5 Invocations
 + Level 6.2 Evocations


You had 12 spell levels left.
You didn't know any spells.
Your spell library contained the following spells:

 Spells                   Type           Power      Damage    Failure   Level
 Corona                   Hex            0%         N/A       99%         1
 Magic Dart               Conj           0%         1d3       99%         1
 Blink                    Tloc           N/A        N/A       100%        2
 Call Imp                 Summ           0%         N/A       100%        2
 Poisonous Vapours        Pois/Air       0%         N/A       100%        2
 Slow                     Hex            0%         N/A       100%        2
 Conjure Flame            Conj/Fire      0%         6-21      100%        3
 Inner Flame              Hex/Fire       0%         N/A       100%        3
 Mephitic Cloud           Conj/Pois/Air  0%         N/A       100%        3
 Portal Projectile        Hex/Tloc       0%         N/A       100%        3
 Cause Fear               Hex            0%         N/A       100%        4
 Leda's Liquefaction      Hex/Erth       0%         N/A       100%        4
 Freezing Cloud           Conj/Ice/Air   0%         6-21      100%        6


Dungeon Overview and Level Annotations

Branches:
Dungeon (11/15)            Temple (1/1) D:4            Lair (2/6) D:8
  Sewer (visited)         Volcano (1/1)
  Swamp: Lair:2-4    Shoals: Lair:2-4     Snake: Lair:2-4    Spider: Lair:2-4
    Orc: D:9-12

Altars:
Ashenzari
Cheibriados
Dithmenos
Elyvilon
Fedhas
Gozag
Hepliaklqana
Kikubaaqudgha
Makhleb
Nemelex Xobeh
Okawaru
Qazlal
Ru
Sif Muna
Trog
Uskayaw
Vehumet
Wu Jian
Xom
Yredelemnul
Zin
The Shining One
Beogh

Shops:
D:3 ?   D:5 *   D:8 =

Annotations:
D:9 exclusion: orange crystal statue
D:11 Snorg


Innate Abilities, Weirdness & Mutations

Your stone body is resilient. (AC +9)
You are immune to poison.
You resist negative energy. (rN+)
You are resistant to electric shocks. (rElec)
You are resistant to unholy torment.
You can survive without breathing.
You are immune to petrification.


Message History

You block the fire bat's attack.
You slash the komodo dragon!
The komodo dragon is almost dead.
You block the fire bat's attack. x2; The komodo dragon bites you!
* * * LOW HITPOINT WARNING * * *
The two-headed ogre hits you but does no damage.
You block the two-headed ogre's attack.
Unknown command.
You feel yourself speed up. You block the fire bat's attack.
The fire bat bites you but does no damage. x2
The komodo dragon completely misses you.
You block the fire bat's attack.
You hit the two-headed ogre but do no damage.
You block the fire bat's attack. You block the two-headed ogre's attack.
The two-headed ogre hits you with a +0 giant club!
* * * LOW HITPOINT WARNING * * *
The fire bat bites you but does no damage.
The komodo dragon barely misses you.
The fire bat bites you but does no damage.
You slice the fire bat!!
You kill the fire bat!
Okawaru accepts your kill.
The fire bat bites you but does no damage.
Unknown command.
You slash the komodo dragon!
You kill the komodo dragon!
Okawaru accepts your kill.
You block the two-headed ogre's attack. x2
Your base Armour skill increases to level 12!
You slash the two-headed ogre!
The two-headed ogre is moderately wounded.
You block the fire bat's attack. x2
You hit the two-headed ogre.
The two-headed ogre is heavily wounded.
You block the fire bat's attack. You block the ogre's attack.
You barely miss the two-headed ogre.
The two-headed ogre is heavily wounded.
You block the fire bat's attack.
The two-headed ogre hits you with a +0 giant club!
You die...

♣♣.♣≈≈≈P..♣♣§≈♣♣ #####
♣..♣§≈...♣♣§§≈♣ #...##
♣♣♣.♣♣§§P.P.§°§§♣
#....♣♣♣♣..♣♣§≈.P..P≈≈≈§♣
#.∩∩..♣...PP♣§≈♣...♣≈§≈§♣
#......†♣P♣♣♣§≈..§P≈≈○≈≈♣
##...♣..P♣♣§≈§P.♣♣.§≈○§≈§♣
###.P.♣♣♣§§≈§....♣§○≈§°§♣
##♣♣♣♣≈§§§b@P..♣§§§§○≈
≈≈≈°○≈♣OO.P♣♣§≈§≈§
≈≈≈≈°§......♣♣♣♣P≈
≈§§≈≈P..P♣.P♣
§§≈≈≈♣..P..♣♣ ≈≈≈○≈....P♣♣
§≈○≈ P.♣..♣ §§ ≈.. P♣♣


You could see a two-headed ogre, an ogre and a fire bat.

Vanquished Creatures
  A stone giant (D:9)
  An ettin (D:9)
  Harold (Lair:2)
  4 hydras
  Erolcha (D:10)
  A two-headed ogre (D:10)
  A death knight (D:9)
  An orc knight (D:9)
  An ugly thing (D:9)
  A manticore (D:7)
  2 salamanders (Volcano)
  4 elephants (Lair:2)
  A cane toad (Lair:1)
  A kobold demonologist (D:9)
  7 komodo dragons
  2 trolls
  2 hornets (D:9)
  3 blink frogs (Lair:1)
  Grinder (D:6)
  Prince Ribbit (D:6)
  A shadow (D:10)
  20 yaks
  A fire bat (Volcano)
  2 wraiths
  10 wyverns
  A vampire (D:9)
  Grum (Lair:1)
  A steam dragon (D:9)
  Edmund (D:4)
  2 wargs (D:8)
  Duvessa (D:4)
  4 acid dragons
  9 water moccasins
  13 orc warriors
  A hornet zombie (D:6)
  3 wolves (Lair:1)
  3 centaurs (D:9)
  2 ogres
  Blork the orc (D:4)
  5 gnoll sergeants
  4 kobold brigands
  5 bullfrogs
  A wyvern zombie (D:9)
  A scorpion (D:7)
  Dowan (D:4)
  A wight (D:9)
  A howler monkey (D:8)
  4 centaur zombies
  A bullfrog zombie (D:6)
  A jelly (D:6)
  3 hounds
  4 orc priests
  A bullfrog skeleton (D:5)
  5 iguanas
  Terence (D:2)
  8 orc wizards
  A killer bee zombie (D:6)
  2 howler monkey zombies (D:9)
  Robin (D:2)
  18 gnolls
  2 river rats (Sewer)
  3 adders
  A white imp (D:7)
  3 ufetubi
  An adder zombie (D:5)
  2 adder skeletons
  4 worms
  4 dart slugs
  45 orcs
  7 endoplasms
  A giant cockroach (D:4)
  7 hobgoblins
  6 jackals
  9 kobolds
  2 quokkas
  3 bats
  2 frilled lizards
  9 goblins
  6 rats
  A butterfly (D:4)
301 creatures vanquished.

Vanquished Creatures (others)
  3 fungi (Lair:2)
  12 plants
15 creatures vanquished.

Grand Total: 316 creatures vanquished

Notes
Turn   | Place    | Note
-------+----------+-------------------------------------------
     0 | D:1      | timneilson the Gargoyle Fighter began the quest for the
                  | Orb.
     0 | D:1      | Reached XP level 1. HP: 14/14 MP: 1/1
   287 | D:1      | Reached XP level 2. HP: 19/19 MP: 2/2
   909 | D:2      | Noticed Robin
   933 | D:2      | Reached XP level 3. HP: 18/23 MP: 3/3
   941 | D:2      | Killed Robin
  1346 | D:2      | You fall into a shaft and drop 2 floors!
  1462 | D:3      | Reached XP level 4. HP: 28/28 MP: 4/4
  1462 | D:3      | Found Raewim's Magic Scroll Boutique.
  1795 | D:3      | Found a glowing drain.
  1804 | Sewer    | Entered a sewer
  1860 | Sewer    | Noticed a kobold brigand
  1882 | Sewer    | Killed a kobold brigand
  1883 | Sewer    | Reached XP level 5. HP: 26/33 MP: 5/5
  1968 | Sewer    | Found a white marble altar of Elyvilon.
  2118 | D:2      | Noticed an ogre
  2136 | D:2      | Killed an ogre
  2137 | D:2      | Reached XP level 6. HP: 21/38 MP: 6/6
  2419 | D:2      | Found a faded altar of an unknown god.
  2455 | D:2      | Noticed Terence
  2468 | D:2      | Killed Terence
  2548 | D:2      | Reached skill level 5 in Shields
  2817 | D:2      | You fall into a shaft and drop 1 floor!
  3066 | D:4      | Noticed Duvessa
  3066 | D:4      | Noticed Dowan
  3077 | D:4      | Killed Duvessa
  3078 | D:4      | Reached skill level 5 in Armour
  3078 | D:4      | Reached XP level 7. HP: 15/44 MP: 7/7
  3098 | D:4      | Killed Dowan
  3686 | D:4      | Noticed Blork the orc
  3698 | D:4      | Killed Blork the orc
  4333 | D:4      | Noticed Edmund
  4378 | D:4      | Killed Edmund
  4450 | D:4      | Found a staircase to the Ecumenical Temple.
  4455 | Temple   | Entered the Ecumenical Temple
  4524 | Temple   | Became a worshipper of Warmaster Okawaru
  4854 | D:5      | Entered Level 5 of the Dungeon
  5142 | D:5      | Reached XP level 8. HP: 37/48 MP: 8/8
  5293 | D:5      | Reached skill level 5 in Fighting
  5367 | D:5      | Found Taesch's Assorted Antiques.
  5509 | D:6      | Noticed Prince Ribbit
  5577 | D:6      | Reached skill level 1 in Invocations
  5726 | D:6      | Reached * piety under Okawaru
  5727 | D:6      | Reached skill level 1 in Evocations
  5882 | D:6      | Found a sparkling altar of Nemelex Xobeh.
  6224 | D:6      | Noticed Grinder
  6232 | D:6      | Reached skill level 5 in Long Blades
  6236 | D:6      | Killed Grinder
  6542 | D:6      | Killed Prince Ribbit
  6543 | D:6      | Reached XP level 9. HP: 54/54 MP: 8/10
  6720 | D:7      | Reached ** piety under Okawaru
  6938 | D:7      | Noticed a green ugly thing
  6939 | D:7      | Noticed a four-headed hydra
  6940 | D:7      | Noticed a manticore
  7188 | D:7      | Killed a manticore
  8018 | D:8      | Reached XP level 10. HP: 59/60 MP: 9/12
  8115 | D:8      | Found Kiqenuch's Jewellery Emporium.
  8151 | D:8      | Found a staircase to the Lair.
  8199 | D:8      | Reached *** piety under Okawaru
  9266 | D:9      | Noticed an ettin
  9276 | D:9      | Killed an ettin
  9276 | D:9      | Reached **** piety under Okawaru
  9279 | D:9      | Noticed a stone giant
  9289 | D:9      | Killed a stone giant
  9290 | D:9      | Reached skill level 5 in Invocations
  9290 | D:9      | Reached XP level 11. HP: 47/67 MP: 12/14
  9615 | D:9      | Noticed an orc knight
  9642 | D:9      | Killed an orc knight
  9648 | D:9      | Reached ***** piety under Okawaru
  9652 | D:9      | Reached skill level 10 in Shields
 10060 | D:9      | Noticed a cyan ugly thing
 10064 | D:9      | Reached skill level 10 in Armour
 10087 | D:9      | Killed a cyan ugly thing
 10323 | D:9      | Noticed a death knight
 10347 | D:9      | Killed a death knight
 10347 | D:9      | Identified the +1 helmet of the Equinox {rN+} (Okawaru
                  | gifted it to you on level 9 of the Dungeon)
 10347 | D:9      | Received a gift from Okawaru
 10972 | D:9      | Noticed an orange crystal statue
 11208 | D:10     | Entered Level 10 of the Dungeon
 11503 | D:10     | Reached skill level 5 in Evocations
 11503 | D:10     | Reached XP level 12. HP: 73/73 MP: 16/16
 11670 | D:10     | Noticed Erolcha
 11685 | D:10     | Killed Erolcha
 11712 | D:10     | Noticed a two-headed ogre
 11721 | D:10     | Killed a two-headed ogre
 11869 | D:11     | Noticed a five-headed hydra
 11870 | D:11     | Noticed Snorg
 11952 | Lair:1   | Entered Level 1 of the Lair of Beasts
 12029 | Lair:1   | Noticed Grum
 12052 | Lair:1   | Killed Grum
 12564 | Lair:1   | Noticed a five-headed hydra
 12575 | Lair:1   | Killed a five-headed hydra
 12575 | Lair:1   | Received a gift from Okawaru
 13454 | Lair:2   | Noticed a four-headed hydra
 13458 | Lair:2   | Killed a four-headed hydra
 13467 | Lair:2   | Noticed a six-headed hydra
 13479 | Lair:2   | Killed a six-headed hydra
 13480 | Lair:2   | Reached XP level 13. HP: 80/80 MP: 18/18
 13554 | Lair:2   | Noticed Harold
 13576 | Lair:2   | Killed Harold
 13702 | Lair:2   | Found a dark tunnel.
 13708 | Volcano  | Entered a volcano
 13887 | Volcano  | Reached skill level 10 in Long Blades
 14014 | Volcano  | Mangled by a two-headed ogre

Illustrated notes

Levels and vault maps discovered:
D:1:      dpeg_arrival_oval, layout_basic, chequers_big_river, st_stairs_2
D:2:      layout_loops_ring, ebering_ecumenical_altar_abandoned, uniq_terence,
          uniq_robin
D:3:      layout_rooms, serial_glass, glass_columns_a, glass_columns_c,
          cheibrodos_sewer_entry_bend, serial_shops,
          nicolae_shop_competitors_out_of_business
D:4:      layout_loops_ring, minmay_temple_entry_butterflies,
          serial_co_window_serial, co_window_of_opportunity_a,
          co_window_paths_b, co_window_paths_b, co_window_corner_a,
          co_window_paths_a, co_window_corner_a, co_window_of_opportunity_a,
          co_window_corner_a, co_window_of_opportunity_a,
          co_window_of_opportunity_c, co_window_corner_b,
          co_window_unsneaky_path_a, co_window_broadway_a, co_window_4corner_a,
          glass_columns_a, uniq_duvessa, uniq_edmund, uniq_blork_the_orc
D:5:      layout_rooms, serial_shops, shop, patterned_corridor
D:6:      layout_loops_cross, nicolae_overflow_crystal_walls, uniq_grinder,
          uniq_prince_ribbit1
D:7:      minmay_blocky_corners, layout_loops_ring, item_on_display_a
D:8:      layout_basic, erik_lair_orcish_takeover, special_room
          [special_room_orc], serial_shops, shop
D:9:      minmay_the_grid_4x2 [minmay_the_grid_plusring,
          minmay_the_grid_medium_cups, minmay_the_grid_armoury,
          minmay_the_grid_small_cups, minmay_the_grid_expand,
          minmay_the_grid_stretched_grid, minmay_the_grid_fan,
          minmay_the_grid_prize_diamond_cup], layout_stronghold, disabler_island
D:10:     layout_small_grid, uniq_erolcha
D:11:     layout_loops_ring, gammafunk_ghost_cemetery, serial_shops,
          shop_fountains, shop, shop_statue, uniq_snorg, uniq_josephine
Temple:   minmay_crystal_snake_temple
Lair:1:   layout_cave_pods, beast_lair_carwin_4, uniq_grum
Lair:2:   layout_long_grid, nicolae_volcano_entry_s_turn, uniq_harold
Volcano:  pf_volcano_lost_world

Skill      XL: |  1  2  3  4  5  6  7  8  9 10 11 12 13 |
---------------+----------------------------------------+-----
Long Blades    | 2 3 4 5 6 7 8 9 10 | 10.1
Shields        | 4 5 6 7 8 9 10 11 12 | 12.0
Armour         | 4 5 7 8 9 10 11 12 | 12.0
Fighting       | 4 5 6 7 8 9 |  9.1
Invocations    | 2 3 5 6 7 |  7.5
Evocations     | 2 3 4 5 6 |  6.2

Action                   |  1- 3 |  4- 6 |  7- 9 | 10-12 | 13-15 || total
-------------------------+-------+-------+-------+-------+-------++-------
Melee: Long sword        |    89 |   144 |   483 |    22 |       ||   738
       Scimitar          |       |       |       |   816 |   114 ||   930
Invok: Heroism           |       |       |     9 |    22 |     3 ||    34
       Finesse           |       |       |       |     1 |       ||     1
Evoke: Wand              |       |       |       |    22 |    12 ||    34
       Tin of tremorston |       |       |       |     2 |       ||     2
  Use: Scroll            |     4 |     3 |    10 |     7 |       ||    24
       Potion            |       |     1 |     9 |     2 |     4 ||    16
Armor: Scale mail        |    34 |    66 |    43 |       |       ||   143
       Chain mail        |       |       |   163 |   138 |       ||   301
       Skin              |       |       |     8 |       |       ||     8
       Plate armour      |       |       |       |   206 |    74 ||   280
Dodge: Dodged            |    37 |    92 |   199 |   173 |    20 ||   521
Block: Kite shield       |    54 |   120 |   339 |   394 |       ||   907
       Tower shield      |       |       |       |   545 |   226 ||   771
       Reflection        |       |       |       |    14 |     1 ||    15
       Rpst.: Long sword |     9 |    32 |    74 |     1 |       ||   116
       Scimitar          |       |       |       |    32 |     1 ||    33

Table legend: (Time is in decaauts)
 A = Elapsed time spent in this place.
 B = Non-inter-level travel time spent in this place.
 C = Inter-level travel time spent in this place.
 D = Time resting spent in this place.
 E = Time spent auto-exploring this place.
 F = Levels seen in this place.
 G = Mean time per level.
                   A        B        C        D        E       F      G
               +--------+--------+--------+--------+--------+-----+--------+
         Total |  14280 |  13728 |    552 |    751 |   8888 |  16 |  892.5 |
       Dungeon |  11742 |  11238 |    504 |    600 |   7577 |  11 | 1067.5 |
        Temple |    201 |    164 |     37 |      0 |    161 |   1 |  201.0 |
          Lair |   1781 |   1770 |     11 |      0 |    957 |   2 |  890.5 |
         Sewer |    255 |    255 |      0 |      0 |    159 |   1 |  255.0 |
       Volcano |    300 |    300 |      0 |    151 |     34 |   1 |  300.0 |
               +--------+--------+--------+--------+--------+-----+--------+

Top non-repeatable levels by time:
     D:9: 2111 daAuts
     D:4: 1750 daAuts
     D:6: 1609 daAuts
     D:2: 1415 daAuts
  Lair:1: 1212 daAuts
     D:8: 1153 daAuts
     D:1: 888 daAuts
     D:7: 881 daAuts
    D:10: 701 daAuts
     D:5: 671 daAuts
  Lair:2: 569 daAuts
     D:3: 553 daAuts
 Volcano: 300 daAuts
   Sewer: 255 daAuts
  Temple: 201 daAuts
